Map: Ulrena

Players

Naga - Winner!

  • Race: Protoss Protoss
  • League: Gold

GoLiaH

  • Race: Zerg Zerg
  • League: Platinum

VOD

Have the link to the VOD?

Description

Time

  • Played on: March 11, 2016, 7:44 a.m.
  • Length: 6:26
Show
View Real Time Build Order
Export as new Build Order

Naga Protoss - Winner!

Build Orders: Oracle Opening 

Get SALT Encoding   

  12  0:01  Probe (Chrono Boost)  
  13  0:12  Probe (Chrono Boost)  
  14  0:19  Pylon  
  14  0:23  Probe (Chrono Boost)  
  15  0:38  Probe (Chrono Boost)  
  15  0:42  Gateway  
  16  0:48  Probe (Chrono Boost)  
  17  0:50  Assimilator  
  17  0:54  Assimilator  
  17  0:59  Probe (Chrono Boost)  
  18  1:09  Probe (Chrono Boost)  
  19  1:14  Gateway  
  19  1:25  Pylon  
  19  1:32  Cybernetics Core  
  19  1:39  Probe (Chrono Boost)  
  20  1:49  Probe (Chrono Boost)  
  21  2:06  Probe (Chrono Boost)  
  22  2:09  Adept (Chrono Boost)  
  22  2:13  Adept (Chrono Boost)  
  26  2:17  Stargate  
  26  2:23  Warp Gate  
  26  2:25  Probe  
  27  2:32  Pylon  
  27  2:36  Adept (Chrono Boost)  
  29  2:41  Adept (Chrono Boost)  
  31  2:58  Pylon  
  31  2:59  Adept (Chrono Boost)  
  31  3:02  Oracle (Chrono Boost)  
  34  3:30  Stalker  
  34  3:39  Void Ray (Chrono Boost)  
  38  4:20  Void Ray (Chrono Boost)  
  38  4:26  Mothership Core  
  40  4:32  Stalker  
  42  4:46  Nexus  
  42  4:48  Pylon  
  42  4:55  Probe  
  47  5:00  Void Ray (Chrono Boost), Pylon  
  47  5:07  Probe  
  48  5:19  Probe  
  49  5:35  Stalker x2  
  53  5:37  Probe  
  53  5:39  Robotics Facility  
  54  5:49  Probe  
  55  5:58  Stalker x2  
  55  6:01  Probe  
Show
View Real Time Build Order
Export as new Build Order

GoLiaH Zerg 

Build Orders: Pool First 

Get SALT Encoding   

  12  0:02  Drone  
  13  0:08  Drone  
  14  0:18  Extractor  
  14  0:19  Extractor  
  14  0:21  Drone  
  13  0:22  Drone  
  16  0:37  Spawning Pool  
  16  0:42  Overlord  
  15  0:47  Extractor  
  14  1:09  Drone x3  
  17  1:25  Queen  
  19  1:26  Zergling x2  
  20  1:47  Hatchery  
  19  1:55  Drone x2  
  19  1:56  Drone  
  22  2:07  Roach Warren  
  21  2:17  Overlord  
  21  2:20  Drone  
  22  2:26  Metabolic Boost  
  22  2:40  Spine Crawler  
  21  2:47  Roach x3  
  27  2:52  Drone  
  28  3:02  Drone  
  29  3:08  Overlord  
  29  3:09  Overlord  
  28  3:13  Drone  
  28  3:24  Drone  
  29  3:34  Spine Crawler  
  29  3:35  Drone x3  
  31  3:47  Drone x2  
  31  3:48  Drone  
  31  4:03  Spore Crawler  
  24  4:12  Queen  
  24  4:25  Drone x2  
  24  4:26  Drone x2  
  28  4:35  Spore Crawler  
  27  4:48  Roach x3  
  33  4:53  Drone x2  
  35  5:06  Drone x3  
  38  5:16  Lair  
  38  5:19  Drone x2  
  40  5:35  Drone  
  41  5:36  Drone x4  
  41  5:40  Overlord  
  45  5:56  Drone  
  46  5:57  Drone x6  
  46  6:02  Spore Crawler  
  51  6:08  Spore Crawler  
Tags
 
Add a new tag
Caveats
  • Supply blocks, unpowered buildings, or Contaminate may cause inaccurate times.
  • Supply counts are checked every 10 seconds.